 Seeded DCSS version 0.31-a0-435-g2c6fae2916 (webtiles) character file.

Game seed: 6733148913236269867 (custom seed)

38 innerfire43 the Trooper (level 3, -8/29 HPs)
             Began as a Demonspawn Monk on Aug 1, 2023.
             Mangled by a gnoll
             ... wielding a +0 halberd
              (10 damage)
             ... on level 2 of the Dungeon.
             The game lasted 00:01:17 (679 turns).

innerfire43 the Trooper (Demonspawn Monk)            Turns: 679, Time: 00:01:17

Health: -8/29      AC:  3    Str: 17    XL:     3   Next: 25%
Magic:  1/1        EV: 13    Int: 11    God:
Gold:   53         SH:  0    Dex: 15    Spells: 2/2 levels left

rFire   . . .        g - +1 war axe of Minumm {antimagic, *Rage rElec Str+4}
rCold   . . .        d - orb {light}
rNeg    . . .        b - +0 robe
rPois   .            e - +0 helmet
rElec   +            (no cloak)
rCorr   .            (no gloves)
SInv    .            (no boots)
Will    .....        (no amulet)
Stlth   +            (no ring)
HPRegen 0.24/turn    (no ring)
MPRegen 0.07/turn

%: random rage (20%)
@: on berserk cooldown, glowing
A: spiny 1
a: no special abilities


You were on level 2 of the Dungeon.
You visited 1 branch of the dungeon, and saw 2 of its levels.

You collected 53 gold pieces.

Inventory:

Hand Weapons
 a - a +0 hand axe
 g - the +1 war axe of Minumm (weapon) {antimagic, *Rage rElec Str+4}
   (You acquired it on level 1 of the Dungeon)

   Str:       It affects your strength (+4).
   rElec:     It insulates you from electricity.
   *Rage:     It berserks you when you make melee attacks (+20% chance).
Armour
 b - a +0 robe (worn)
 d - an orb of light (worn)
 e - a +0 helmet (worn)
Scrolls
 f - a scroll of teleportation {unknown}
 j - a scroll of fog {unknown}
Potions
 c - a potion of ambrosia
 i - a potion of berserk rage {unknown}


   Skills:
 - Level 3.5 Fighting
 + Level 3.1 Axes
 - Level 3.1 Dodging
 * Level 0.1 Shapeshifting


You had 2 spell levels left.
You didn't know any spells.
Your spell library was empty.

Dungeon Overview and Level Annotations

Branches:
Dungeon (2/15)

Altars:


Innate Abilities, Weirdness & Mutations

You are partially covered in sharp spines.


Message History

A quokka is nearby!
A quokka is nearby!
A red film seems to cover your vision as you go berserk!
You feel yourself moving faster!
You feel mighty!
You slash the quokka!
You kill the quokka!
Calm down first, please.
No target in view!
Calm down first, please.
No target in view!
You feel a strong urge to attack something.
You feel your anger nearly subside.
You are no longer berserk.
You are exhausted.
You feel yourself slow down.
Found a stone staircase leading down.
There is a stone staircase leading down here.
A bat comes into view.
The bat moves out of view.
The bat closely misses you.
You hit the bat.
You kill the bat!
You see here a bat corpse.
Found a scroll labelled JOWKICANUG.
j - a scroll labelled JOWKICANUG
As you read the scroll labelled ETEFOCR INKUOL, it crumbles to dust.
The air around you briefly surges with heat, but it dissipates.
It was a scroll of immolation.
You feel yourself speed up.
Found a leather armour.
A gnoll comes into view. It is wielding a +0 halberd.
The gnoll shouts!
You hear a shout!
A gnoll comes into view. It is wielding a +0 halberd.
The gnoll shouts!
You hear a shout!
The gnoll hits you from afar with a +0 halberd!
The gnoll hits you from afar with a +0 halberd.
The gnoll hits you with a +0 halberd!
* * * LOW HITPOINT WARNING * * *
A gnoll comes into view. It is wielding a +0 whip.
You hit the gnoll but do no damage. The gnoll completely misses you.
The gnoll hits you with a +0 halberd!
You die...

#### ##..
...
##..#####g#
#...[.....#
#...@g#...#
#.....g#..#
#.#######.#
#......#..#
#.....#...#
#.........#
#########.#
#†# #.#


You could see 3 gnolls.

Vanquished Creatures
  A dart slug (D:1)
  2 ball pythons (D:1)
  8 bats
  4 endoplasms (D:1)
  A giant cockroach (D:1)
  5 hobgoblins (D:1)
  3 quokkas
  2 frilled lizards (D:1)
  3 goblins (D:1)
  2 rats (D:1)
31 creatures vanquished.

Notes
Turn   | Place    | Note
-------+----------+-------------------------------------------
     0 | D:1      | innerfire43 the Demonspawn Monk began the quest for the
                  | Orb.
     0 | D:1      | Reached XP level 1. HP: 18/18 MP: 1/1
    89 | D:1      | Gained mutation: You are partially covered in sharp spines.
                  | [demonic ancestry]
    89 | D:1      | Reached XP level 2. HP: 6/24 MP: 2/2
   500 | D:1      | Reached XP level 3. HP: 29/29 MP: 3/3
   586 | D:1      | Identified a scroll of acquirement
   586 | D:1      | Acquired the +1 war axe of Minumm {antimagic, *Rage rElec
                  | Str+4}
   678 | D:2      | HP: 1/29 [gnoll/+0 halberd (12)]
   679 | D:2      | Mangled by a gnoll

Illustrated notes

Levels and vault maps discovered:
D:1:      dpeg_arrival_prison, layout_rooms, chequers_arboretum
D:2:      layout_rooms, serial_shops, nicolae_shop_advertising_works
          [nicolae_subvault_shop_adworks], basic_altar

Skill      XL: |  1  2 |
---------------+-------+-----
Axes           | 3 |  3.1
Dodging        | 3 |  3.1
Fighting       | |  3.5
Shapeshifting  | |  0.1

Action                     || total
---------------------------++-------
  Melee: Hand axe          ||    43
         War axe           ||     5
    Use: Scroll            ||     2
 Armour: Robe              ||    11
  Dodge: Dodged            ||    42

Table legend: (Time is in decaauts)
 A = Elapsed time spent in this place.
 B = Non-inter-level travel time spent in this place.
 C = Inter-level travel time spent in this place.
 D = Time resting spent in this place.
 E = Time spent auto-exploring this place.
 F = Levels seen in this place.
 G = Mean time per level.
                   A        B        C        D        E       F      G
               +--------+--------+--------+--------+--------+-----+--------+
         Total |    698 |    675 |     23 |      0 |    490 |   2 |  349.0 |
       Dungeon |    698 |    675 |     23 |      0 |    490 |   2 |  349.0 |
               +--------+--------+--------+--------+--------+-----+--------+

Top non-repeatable levels by time:
     D:1: 618 daAuts
     D:2: 79 daAuts
